 Dungeon Crawl Stone Soup version 0.26.0-16-gc1dbca0489 (webtiles) character file.

Game seed: 5044047167701755481

710 thiole the Sneak (level 7, 0/46 HPs)
             Began as an Octopode Hedge Wizard on Jan 19, 2021.
             Was an Initiate of Gozag.
             Slain by a wight
             ... wielding a cursed +1 battleaxe
              (6 damage)
             ... on level 5 of the Dungeon.
             The game lasted 00:14:01 (7356 turns).

thiole the Sneak (Octopode Hedge Wizard)            Turns: 7356, Time: 00:14:02

Health: 0/46       AC:  1    Str: 10    XL:     7   Next: 68%
Magic:  2/13       EV: 13    Int: 18    God:    Gozag
Gold:   833        SH:  0    Dex:  9    Spells: 9/15 levels left

rFire    + . .     SeeInvis +   a - +0 dagger
rCold    . . .     Faith    .   (no shield)
rNeg     . . .     Spirit   .   b - +0 hat
rPois    .         Reflect  .   (no amulet)
rElec    .         Harm     .   t - ring of see invisible
rCorr    .         Rampage  .   (no ring)
Will     +....                  (no ring)
Stlth    ++++......             (no ring)
HPRegen  0.15/turn              (no ring)
MPRegen  0.13/turn              (no ring)
                                (no ring)
                                (no ring)

@: gold aura
A: almost no armour, stealthy swim, amphibious, 8 rings, constrict 8, camouflage
1, clumsy 1, fire resistance 1, strong-willed 1, gelatinous body 1
a: Renounce Religion, Potion Petition, Call Merchant, Bribe Branch


You were on level 5 of the Dungeon.
You worshipped Gozag.
Gozag was pleased with you.
You visited 1 branch of the dungeon, and saw 6 of its levels.

You collected 866 gold pieces.
You paid 33 gold pieces to Gozag.

Inventory:

Hand Weapons
 a - a +0 dagger (weapon)
 o - a +0 hunting sling
Missiles
 p - 89 stones
Armour
 b - a +0 hat (worn)
Jewellery
 t - a ring of see invisible (left tentacle)
Scrolls
 c - a scroll of teleportation
 e - a scroll of fear {unknown}
 h - 3 scrolls of identify {unknown}
 j - 2 scrolls of noise {unknown}
 l - a scroll of random uselessness {unknown}
 n - 2 scrolls of blinking {unknown}
 r - a scroll of enchant armour {unknown}
 u - a scroll of amnesia {unknown}
 x - a scroll of fog {unknown}
 y - a scroll of enchant weapon {unknown}
 z - a scroll of magic mapping {unknown}
Potions
 d - a potion of lignification {unknown}
 f - a potion of mutation
 m - a potion of might {unknown}
 q - a potion of haste {unknown}
 s - a potion of attraction
 w - 2 potions of flight {unknown}


   Skills:
 + Level 3.4 Fighting
 - Level 2.0 Dodging
 + Level 5.8 Stealth
 + Level 4.5 Spellcasting
 - Level 2.0 Conjurations
 - Level 2.0 Summonings
 - Level 1.0 Translocations
 + Level 2.7 Air Magic
 + Level 3.3 Poison Magic


You had 9 spell levels left.
You knew the following spells:

 Your Spells              Type           Power        Failure   Level
a - Magic Dart            Conj           44%          6%          1
b - Call Imp              Summ           11%          10%         2
c - Mephitic Cloud        Conj/Pois/Air  13%          14%         3

Your spell library contained the following spells:

 Spells                   Type           Power        Failure   Level
 Blink                    Tloc           N/A          14%         2
 Slow                     Hex            4%           22%         2
 Conjure Flame            Conj/Fire      7%           28%         3


Dungeon Overview and Level Annotations

Branches:
Dungeon (6/15)
 Temple: D:4-7

Altars:
Ashenzari
Gozag
Xom


Innate Abilities, Weirdness & Mutations

You cannot wear most types of armour.
You are very stealthy in the water. (Stealth+)
You are amphibious.
You can wear up to eight rings at the same time.
You can use your tentacles to constrict eight enemies at once.
Your skin changes colour to match your surroundings (Stealth+).
Your rubbery body absorbs attacks. (AC +1, EV +1)
You are clumsy. (Dex -2)
Your flesh is heat resistant. (rF+)
You are strong-willed. (Will+)


Message History

The howler monkey hits you but does no damage.
The howler monkey hits you!
* * * LOW HITPOINT WARNING * * *
You hit the howler monkey but do no damage.
You squeeze the howler monkey.
The howler monkey is heavily wounded.
You constrict the howler monkey. The howler monkey closely misses you.
You hit the howler monkey. You squeeze the howler monkey.
You kill the howler monkey!
Your magical contamination has completely faded away.
Your life force feels restored.
You hit the wight but do no damage. Your grab misses the wight.
You squeeze the wight!
The wight is heavily damaged.
The wight misses you.
You barely miss the wight. Your grab misses the wight.
The wight is heavily damaged.
The wight hits you with a cursed +1 battleaxe.
You die...
Your body crumbles into a pile of gold.

#.##.#..........####
####.##....######.##
#.....#....#....#.#
#.....##...#.##.#.#####
#.....##...#.#....)..<#
####.###.>.#.####)#####
#.# ###.#.# #.#
#.#####.#(####.#
#....@z.#...).[#
################


You could see a wight.

Vanquished Creatures
  An ogre (D:6)
  2 howler monkeys (D:5)
  A bullfrog zombie (D:5)
  3 orc priests (D:3)
  2 bullfrog skeletons (D:4)
  3 orc wizards
  An iguana (D:4)
  A worker ant (D:4)
  4 gnolls (D:2)
  6 adders
  An ufetubus (D:5)
  An ooze (D:2)
  3 worms
  3 dart slugs
  7 leopard geckos
  14 orcs
  10 giant cockroaches
  6 hobgoblins
  11 jackals
  2 quokkas (D:4)
  A ball python (D:2)
  A ball python skeleton (D:5)
  8 bats
  9 frilled lizards
  12 goblins
  A jackal skeleton (D:5)
  5 kobolds
  6 rats
125 creatures vanquished.

Vanquished Creatures (collateral kills)
  A bullfrog skeleton (D:6)
1 creature vanquished.

Vanquished Creatures (others)
  5 plants (D:4)
5 creatures vanquished.

Grand Total: 131 creatures vanquished

Notes
Turn   | Place    | Note
-------+----------+-------------------------------------------
     0 | D:1      | thiole the Octopode Hedge Wizard began the quest for the
                  | Orb.
     0 | D:1      | Reached XP level 1. HP: 11/11 MP: 4/4
   250 | D:1      | Reached XP level 2. HP: 18/18 MP: 3/6
  1341 | D:2      | Reached XP level 3. HP: 22/22 MP: 4/7
  1414 | D:2      | Reached skill level 3 in Stealth
  1527 | D:2      | Found an opulent altar of Gozag.
  1588 | D:2      | Became a worshipper of Gozag Ym Sagoz the Greedy
  1807 | D:2      | Reached skill level 1 in Fighting
  1915 | D:2      | Reached XP level 4. HP: 12/28 MP: 8/8
  2551 | D:2      | Learned a level 2 spell: Call Imp
  2555 | D:2      | Learned a level 3 spell: Mephitic Cloud
  2663 | D:2      | Reached skill level 4 in Stealth
  2663 | D:2      | Reached XP level 5. HP: 24/34 MP: 1/10
  3304 | D:3      | Reached skill level 1 in Poison Magic
  3315 | D:3      | Reached skill level 1 in Air Magic
  3822 | D:3      | Reached XP level 6. HP: 12/39 MP: 5/11
  4234 | D:3      | Found a faded altar of an unknown god.
  4866 | D:4      | Reached skill level 5 in Stealth
  5152 | D:4      | Noticed a phantom
  5189 | D:4      | Reached XP level 7. HP: 45/45 MP: 13/13
  5510 | D:5      | Entered Level 5 of the Dungeon
  5806 | D:5      | Found a shimmering altar of Xom.
  5806 | D:5      | Found a broken altar of Ashenzari.
  6330 | D:4      | Gained mutation: Your flesh is heat resistant. (rF+)
                  | [potion of mutation]
  6330 | D:4      | Gained mutation: You are clumsy. (Dex -2) [potion of
                  | mutation]
  6330 | D:4      | Gained mutation: You are strong-willed. (Will+) [potion of
                  | mutation]
  7340 | D:6      | HP: 1/44 [wight/cursed +1 battleaxe (7)]
  7356 | D:5      | Slain by a wight

Illustrated notes

Levels and vault maps discovered:
D:1:      scummos_arrival_star, layout_rooms, serial_co_window_serial,
          co_window_of_opportunity_a, co_window_cross_1, co_window_corner_a,
          co_window_corner_a, co_window_paths_a, co_window_2corner,
          co_window_broadway_c, co_window_corner_b, co_window_paths_e,
          co_window_4corner_b, glass_columns_a, glass_columns_b,
          minmay_misc_feat_ornament
D:2:      layout_basic, lemuel_doored_altar
D:3:      layout_loops_ring, chequers_ecumenical_altar_grove
D:4:      layout_loops_cross, minmay_lizard_king
D:5:      layout_basic, chequers_temple_overflow_statue_of_worship
D:6:      layout_rooms, temple_green, serial_shops, kennysheep_little_box,
          ashenzari_altar_1, uniq_duvessa

Skill      XL: |  1  2  3  4  5  6  7 |
---------------+----------------------+-----
Stealth        | 3 4 5 |  5.8
Conjurations   | 2 |  2.0
Summonings     | 2 |  2.0
Fighting       | 1 2 3 |  3.4
Poison Magic   | 1 2 3 |  3.3
Air Magic      | 1 2 |  2.7
Spellcasting   | 4 |  4.5
Dodging        | |  2.0
Translocations | |  1.0

Action                   |  1- 3 |  4- 6 |  7- 9 || total
-------------------------+-------+-------+-------++-------
Melee: Dagger            |    56 |   138 |    78 ||   272
       Tentacles         |     6 |    29 |    12 ||    47
       Constrict         |    11 |    38 |    11 ||    60
 Cast: Magic Dart        |    68 |   111 |    33 ||   212
       Mephitic Cloud    |       |     3 |       ||     3
       Call Imp          |       |       |    23 ||    23
  Use: Potion            |       |       |     8 ||     8
       Scroll            |       |       |     3 ||     3
 Stab: Distracted        |     1 |       |     2 ||     3
       Sleeping          |       |     5 |     5 ||    10
Armor: Skin              |     4 |     7 |     1 ||    12
Dodge: Dodged            |    33 |    81 |    42 ||   156
